Map: New Repugnancy LE

Players

sOs

  • Race: Protoss Protoss
  • Spawn Location: 1:00

Leenock - Winner!

  • Race: Zerg Zerg
  • Spawn Location: 7:00

Event: IEM Season 13: Katowice (2019)

VOD

Have the link to the VOD?

Description

Time

  • Played on: Feb. 25, 2019, 8:12 a.m.
  • Length: 11:04

All games in this series

Show
View Real Time Build Order
Export as new Build Order

sOs Protoss 

Build Orders: 1 Gate Expand, Archon Immortal 

Get SALT Encoding   

  12  0:00  Probe  
  13  0:12  Probe  
  14  0:17  Pylon  
  14  0:24  Probe  
  15  0:32  Probe  
  15  0:39  Gateway  
  15  0:40  Probe  
  16  0:49  Assimilator  
  17  0:51  Probe  
  18  0:58  Pylon  
  18  1:03  Probe  
  19  1:15  Probe  
  20  1:24  Pylon  
  20  1:27  Cybernetics Core  
  20  1:42  Nexus  
  20  1:49  Pylon, Probe  
  20  1:53  Adept  
  21  2:03  Warp Gate  
  21  2:07  Probe  
  21  2:08  Assimilator  
  24  2:19  Probe  
  25  2:28  Pylon  
  25  2:32  Probe  
  26  2:46  Sentry, Probe  
  29  2:51  Gateway  
  29  2:52  Gateway  
  30  2:58  Probe  
  30  2:59  Probe  
  31  3:08  Shield Battery  
  31  3:11  Probe  
  32  3:13  Sentry  
  32  3:16  Probe  
  35  3:22  Probe  
  35  3:24  Probe  
  36  3:30  Probe  
  36  3:34  Probe  
  38  3:42  Pylon  
  38  3:44  Probe  
  38  3:46  Probe  
  40  3:52  Sentry x2, Stalker  
  40  3:53  Pylon  
  46  4:00  Probe x2  
  48  4:03  Pylon  
  48  4:13  Forge, Probe x2  
  50  4:19  Adept x2  
  54  4:26  Probe x2  
  54  4:28  Assimilator  
  54  4:29  Assimilator  
  56  4:32  Robotics Facility  
  56  4:39  Probe x2  
  56  4:42  Pylon  
  58  4:51  Probe x2  
  60  4:57  Protoss Ground Weapons Level 1  
  56  5:03  Probe  
  56  5:04  Probe  
  56  5:10  Pylon  
  56  5:11  Warp Prism  
  56  5:14  Adept x2  
  58  5:15  Zealot  
  58  5:21  Probe x2  
  64  5:24  Twilight Council  
  64  5:25  Pylon  
  66  5:33  Probe x2  
  68  5:37  Pylon  
  68  5:41  Gateway  
  68  5:42  Gateway  
  68  5:43  Zealot  
  70  5:51  Observer  
  71  6:04  Charge  
  71  6:06  Immortal, Templar Archives  
  71  6:18  Zealot  
  76  6:23  Probe x2  
  78  6:26  Pylon  
  78  6:33  Zealot x2  
  78  6:34  Nexus  
  78  6:35  Immortal, Pylon  
  78  6:38  Protoss Ground Weapons Level 2  
  85  6:47  High Templar x2  
  85  6:48  Zealot  
  85  6:49  Shield Battery  
  85  6:51  Archon  
  87  6:55  Pylon  
  87  6:59  Pylon  
  87  7:02  Pylon  
  87  7:04  Zealot x2  
  91  7:15  Gateway  
  91  7:16  Gateway  
  91  7:24  Adept x2  
  91  7:25  High Templar x2  
  99  7:31  Immortal  
  97  7:39  Archon  
  97  7:40  Nexus  
  99  7:48  Photon Cannon  
  99  7:53  Nexus  
  99  8:00  Gateway  
  99  8:03  Gateway  
  99  8:09  High Templar x2  
  99  8:10  Zealot x3  
  109  8:14  Archon  
  109  8:17  Immortal, Observer  
  113  8:22  Pylon  
  113  8:28  Probe x2  
  115  8:42  High Templar x2  
  115  8:43  Zealot x4  
  115  8:46  Archon  
  115  8:47  Immortal  
  125  9:14  Sentry x2  
  125  9:15  Zealot x3  
  125  9:16  Zealot x2  
  131  9:17  Immortal  
  107  9:31  Zealot  
  107  9:37  Zealot x5  
  89  9:48  High Templar x2  
  89  9:52  Zealot  
  93  9:53  Archon  
  93  9:59  Zealot x4  
  91  10:00  Immortal  
  75  10:11  Zealot x2  
  75  10:13  Sentry  
  73  10:18  Zealot  
  73  10:20  Sentry  
  73  10:21  Zealot x3  
  69  10:33  Zealot x2  
  60  10:45  Zealot x2  
  60  10:46  Sentry  
  62  10:51  Zealot  
Show
View Real Time Build Order
Export as new Build Order

Leenock Zerg - Winner!

Build Orders: Pool First 

Get SALT Encoding   

  12  0:00  Drone  
  13  0:12  Overlord  
  13  0:17  Drone  
  14  0:30  Drone x2  
  16  0:44  Drone, Spawning Pool  
  16  0:48  Drone  
  17  1:02  Extractor  
  17  1:03  Drone  
  17  1:30  Queen, Zergling x6  
  22  1:42  Hatchery  
  22  1:45  Overlord  
  21  1:52  Drone  
  22  2:05  Drone  
  22  2:06  Queen  
  25  2:10  Metabolic Boost  
  26  2:15  Drone  
  26  2:24  Drone  
  26  2:38  Drone  
  26  2:42  Drone  
  26  2:43  Drone x2  
  29  2:51  Overlord  
  29  2:55  Drone  
  30  3:02  Drone  
  31  3:07  Drone  
  31  3:08  Hatchery  
  31  3:15  Drone x3  
  31  3:17  Drone x2  
  36  3:25  Drone x3  
  39  3:28  Overlord  
  38  3:35  Queen  
  38  3:38  Drone  
  41  3:44  Overlord  
  42  3:48  Drone x4  
  42  3:50  Drone  
  42  3:53  Overlord  
  46  3:59  Zergling x2  
  47  4:03  Zergling x2  
  47  4:09  Zergling x2  
  49  4:10  Zergling x2, Roach Warren  
  49  4:15  Queen  
  51  4:20  Zergling x6  
  51  4:21  Zergling x6  
  57  4:26  Zergling x6  
  60  4:32  Overlord  
  60  4:41  Overlord  
  57  4:55  Drone x10  
  57  4:59  Overlord, Drone  
  65  5:05  Drone x3  
  66  5:07  Drone  
  66  5:08  Lair  
  66  5:09  Overlord  
  66  5:10  Overlord  
  67  5:15  Extractor  
  67  5:17  Extractor  
  67  5:19  Roach x2  
  67  5:20  Roach  
  71  5:26  Roach  
  71  5:28  Roach  
  75  5:31  Overlord  
  75  5:34  Drone  
  75  5:35  Drone x2  
  78  5:43  Extractor  
  78  5:46  Zergling x16  
  82  6:05  Zergling x12  
  82  6:08  Ravager x5  
  82  6:09  Zergling x2  
  82  6:10  Zergling x10  
  82  6:11  Zergling x2  
  100  6:12  Zergling x4  
  100  6:16  Glial Reconstitution, Zergling x2  
  103  6:19  Zergling x4  
  105  6:28  Roach  
  105  6:29  Roach x2  
  105  6:31  Overseer  
  111  6:38  Roach  
  111  6:39  Overlord  
  113  6:43  Overlord  
  113  6:46  Overlord  
  112  6:50  Overlord  
  111  7:04  Drone x4  
  111  7:05  Drone x4  
  111  7:06  Extractor  
  118  7:14  Roach x5  
  118  7:15  Overlord  
  126  7:22  Roach x4  
  134  7:25  Evolution Chamber, Overlord  
  134  7:29  Overlord  
  132  7:30  Overlord  
  130  7:41  Roach x3  
  136  7:46  Roach  
  136  7:51  Roach x6  
  147  7:53  Roach x3  
  147  7:54  Roach  
  147  7:57  Ravager x3, Zerg Missile Weapons Level 1  
  147  7:58  Ravager  
  159  7:59  Roach  
  159  8:02  Roach  
  159  8:03  Roach  
  165  8:08  Roach  
  167  8:14  Roach  
  167  8:15  Roach  
  167  8:17  Overlord  
  171  8:20  Roach x3  
  177  8:30  Overlord  
  177  8:33  Overlord  
  177  8:36  Roach  
  177  8:37  Roach x3  
  185  8:42  Overlord  
  185  8:52  Roach x5  
  190  8:59  Roach x4  
  190  9:01  Ravager x4  
  195  9:03  Roach, Zergling x2  
  195  9:04  Roach  
  190  9:13  Roach x3  
  190  9:14  Roach x2  
  190  9:15  Zergling x4  
  168  9:24  Roach  
  168  9:25  Roach x3  
  168  9:30  Roach x3  
  173  9:33  Zergling x4  
  173  9:36  Roach  
  158  9:39  Roach  
  158  9:40  Roach x2  
  158  9:44  Roach  
  158  9:45  Roach, Zergling x2  
  144  10:02  Zergling x2  
  144  10:03  Roach x4  
  137  10:07  Roach  
  137  10:11  Roach x2  
  131  10:15  Roach  
  127  10:23  Roach  
  127  10:24  Roach  
  127  10:30  Hydralisk Den  
  127  10:31  Roach  
  128  10:38  Roach x3  
  131  10:43  Zergling x2  

Tags
 
Add a new tag
Caveats
  • Supply blocks, unpowered buildings, or Contaminate may cause inaccurate times.
  • Supply counts are checked every 10 seconds.